 Dungeon Crawl Stone Soup version 0.20-a0-513-g02c11fc (webtiles) character file.

44504 anuswrecked the Protected (level 13, -3/99 HPs)
             Began as a Mummy Wizard on Jan 23, 2017.
             Was the Champion of Okawaru.
             Killed from afar by a water moccasin (24 damage)
             ... with an exploding inner flame
             ... hexed by the player character
             ... on level 6 of the Lair of Beasts.
             The game lasted 01:43:47 (27127 turns).

anuswrecked the Protected (Mummy Wizard)           Turns: 27127, Time: 01:43:47

Health: -3/99      AC:  6    Str: 18    XL:     13   Next: 96%
Magic:  22/22      EV: 14    Int: 21    God:    Okawaru [******]
Gold:   562        SH: 12    Dex: 14    Spells: 14/24 levels left

rFire    . . .     SeeInvis .   q - +1 trident (venom)
rCold    + . .     Gourm    .   p - +5 ring mail {rF+}
rNeg     + + +     Faith    .   f - +0 shield
rPois    ∞         Spirit   .   A - +0 helmet
rElec    +         Reflect  .   V - +4 cloak of Foolhardiness {rElec}
rCorr    .         Harm     .   u - +2 pair of gloves {Dex+3}
MR       +++..                  t - +2 pair of boots
Stlth    +.........             (no amulet)
Regen    0.3/turn               L - ring of the Mage {Wiz MR++ Int+3}
                                N - +4 ring of strength

@: corroded, very slightly contaminated, repel missiles
A: no food or potions, fire vulnerability, cold resistance 1, negative energy
resistance 3, torment resistance, unbreathing, in touch with death 1
a: Heroism, Finesse, Renounce Religion


You were on level 6 of the Lair of Beasts.
You worshipped Okawaru.
Okawaru was exalted by your worship.
You were not hungry.

You visited 3 branches of the dungeon, and saw 18 of its levels.
You also visited: Labyrinth and Ossuary.

You collected 1234 gold pieces.
You spent 672 gold pieces at shops.

Inventory:

Hand Weapons
 n - a +2 trident of piercing
 q - a +1 trident of venom (weapon)
Missiles
 g - 6 javelins of penetration (quivered)
 B - 3 throwing nets
 J - 5 javelins
Armour
 b - the +4 robe of Augmentation {Str+4 Int+4 Dex+4}
   (You found it in a labyrinth)

   It affects your strength (+4).
   It affects your intelligence (+4).
   It affects your dexterity (+4).
 f - a +0 shield (worn)
 k - a +1 cloak of magic resistance
 p - a +5 ring mail of fire resistance (worn)
 s - a +0 robe of fire resistance
 t - a +2 pair of boots (worn)
 u - a +2 pair of gloves of dexterity (worn)
 A - a +0 helmet (worn)
 M - the +2 helmet of Mysticism {rElec rF+ MP-9}
   (Okawaru gifted it to you on level 11 of the Dungeon)

   It protects you from fire.
   It insulates you from electricity.
   It affects your magic capacity (-9).
 V - the +4 cloak of Foolhardiness (worn) {rElec}
   (You found it on level 6 of the Lair of Beasts)

   It insulates you from electricity.
Magical Staves
 I - an uncursed staff of death
Jewellery
 a - an uncursed ring of fire
 K - an uncursed ring of resist corrosion
 L - the ring of the Mage (right hand) {Wiz MR++ Int+3}
   (You bought it in a shop on level 9 of the Dungeon)

   [ring of wizardry]

   It improves your spell success rate.
   It affects your intelligence (+3).
   It affects your resistance to hostile enchantments.
 N - a +4 ring of strength (left hand)
Wands
 o - a wand of polymorph (7/24)
 v - a wand of enslavement (6/24)
 x - a wand of random effects (9/48)
 y - a wand of confusion (16/48)
 z - a wand of paralysis (0/24)
 C - a wand of iceblast (2/15)
 D - a wand of disintegration (2/24)
 E - a wand of lightning (2/15)
 F - a wand of enslavement (14/24)
 O - a wand of paralysis (5/24)
 Q - a wand of enslavement (18/24)
 R - a wand of lightning (3/15)
 S - a wand of polymorph (13/24)
 T - a wand of random effects (38/48)
 W - a wand of flame (19/48)
 X - a wand of lightning (3/15)
Scrolls
 d - a scroll of immolation
 e - 5 scrolls of fear
 h - a scroll of fog
 i - 3 scrolls of amnesia
 j - 13 scrolls of teleportation
 l - 11 scrolls of remove curse
 m - a scroll of enchant weapon
 r - a scroll of recharging
 G - a scroll of random uselessness
 H - 2 scrolls of blinking
 Y - a scroll of vulnerability
Books
 c - a book of Minor Magic

   Spells                             Type                      Level
   a - Magic Dart                     Conjuration                  1
   b - Blink                          Translocation                2
   c - Call Imp                       Summoning                    2
   d - Repel Missiles                 Charms/Air                   2
   e - Slow                           Hexes                        2
   f - Conjure Flame                  Conjuration/Fire             3
   g - Mephitic Cloud                 Conjuration/Poison/Air       3
 P - a book of Frost

   Spells                             Type                      Level
   a - Freeze                         Ice                          1
   b - Throw Frost                    Conjuration/Ice              2
   c - Ozocubu's Armour               Charms/Ice                   3
   d - Throw Icicle                   Conjuration/Ice              4
   e - Summon Ice Beast               Ice/Summoning                4
Miscellaneous
 w - a phantom mirror
 U - a phial of floods


   Skills:
 + Level 8.6 Fighting
 * Level 9.8 Polearms
 * Level 9.9 Armour
 + Level 7.8 Dodging
 - Level 1.5 Stealth
 * Level 9.9 Shields
 - Level 6.1 Spellcasting
 - Level 2.0 Conjurations
 - Level 1.0 Summonings
 - Level 1.0 Translocations
 - Level 3.1 Air Magic
 - Level 2.2 Poison Magic


You had 14 spell levels left.
You knew the following spells:

 Your Spells              Type           Power        Failure   Level  Hunger
a - Magic Dart            Conj           ###.         6%          1    N/A
b - Blink                 Tloc           N/A          12%         2    N/A
c - Call Imp              Summ           ##......     12%         2    N/A
d - Mephitic Cloud        Conj/Pois/Air  ###.....     12%         3    N/A
z - Repel Missiles        Chrm/Air       ##....       10%         2    N/A

Dungeon Overview and Level Annotations

Branches:
Dungeon (11/15)            Temple (1/1) D:5            Lair (6/6) D:11
  Swamp (0/4) Lair:3       Spider (0/4) Lair:4        Slime (0/5) Lair:5
    Orc (0/2) D:10

Altars:
Ashenzari
Cheibriados
Elyvilon
Gozag
Kikubaaqudgha
Makhleb
Nemelex Xobeh
Okawaru
Qazlal
Sif Muna
Trog
Uskayaw
Vehumet
Xom
Zin
Jiyva

Shops:
D:9 =   D:10 [(


Innate Abilities, Weirdness & Mutations

You do not eat or drink.
Your flesh is vulnerable to fire.
You are immune to poison.
Your flesh is cold resistant. (rC+)
You are immune to negative energy. (rN+++)
You are immune to unholy pain and torment.
You can survive without breathing.
You are in touch with the powers of death.


Message History

The fiery explosion engulfs the crocodile.
The crocodile is heavily wounded.
The fiery explosion engulfs you!
The fiery explosion engulfs the water moccasin.
The water moccasin explodes!
The fiery explosion engulfs the worker ant.
The worker ant explodes!
The fiery explosion engulfs you!
The fiery explosion engulfs the soldier ant.
The soldier ant explodes!
The fiery explosion engulfs the crocodile.
The crocodile explodes!
The fiery explosion engulfs the fungus.
The fungus is heavily damaged.
Okawaru accepts your kill. The fiery explosion engulfs you!
* * * LOW HITPOINT WARNING * * *
Okawaru accepts your kill. x2
The fiery explosion engulfs you!
You die... #....P.(. .....P#.. .. ......P.. # .... ......# a# P..... .. ...... aaa ......#....###PP§# aaaa

#......#....##§§§##aaaaa
#.....P.......§§§§§#
..............§§@###
.............#§§..#
.............##...##.##
......#......#..(.......
.)...#.......†P..P..#...
........................
........................
.....................###
...%......#..........#


You could see 2 entropy weavers, 7 soldier ants and 2 worker ants.

Vanquished Creatures
  A minotaur (Lab)
  A hydra (D:11)
  Harold (Lair:3)
  2 catoblepae (Lair:6)
  4 two-headed ogres
  10 death yaks
  An unseen horror (D:10)
  A deep elf mage (D:11)
  An ugly thing (D:11)
  7 elephants
  6 black mambas
  A torpor snail (Lair:6)
  3 komodo dragons
  A rime drake (Lair:6)
  8 spiny frogs
  2 ice devils (Lair:1)
  2 jumping spiders (Lair:4)
  A slime creature (Lair:5)
  3 dream sheep (Lair:6)
  Prince Ribbit (Lair:1)
  10 hippogriffs
  17 blink frogs
  2 redbacks (Lair:4)
  2 wraiths (Ossuary)
  36 yaks
  2 wyverns (Lair:4)
  3 spriggans
  2 basilisks
  A hungry ghost (D:8)
  Menkaure (D:7)
  4 soldier ants
  6 swamp worms (Lair:1)
  4 water moccasins
  12 porcupines
  4 ice beasts
  4 orc warriors
  2 phantoms (D:4)
  An eye of draining (D:11)
  4 ogres
  2 sky beasts
  25 wolves
  2 necrophages
  3 centaurs
  A big kobold (D:7)
  9 crocodiles
  15 bullfrogs
  A gnoll sergeant (D:9)
  7 scorpions
  5 killer bees (D:10)
  8 wights
  5 electric eels
  2 howler monkeys (D:10)
  3 crimson imps
  3 bullfrog zombies
  2 centaur zombies
  A quasit (D:11)
  5 hounds
  Crazy Yiuf (D:3)
  3 orc priests
  2 centaur skeletons
  5 jellies
  8 orc wizards
  A bullfrog skeleton (D:11)
  Jessica (D:3)
  An iguana (D:8)
  12 worker ants
  Ijyb (D:4)
  Robin (D:3)
  10 gnolls
  13 adders
  3 shadow imps
  5 oozes
  3 adder zombies
  An adder skeleton (D:6)
  13 worms
  2 dart slugs
  5 leopard geckos
  23 orcs
  3 bats
  9 giant cockroaches
  17 goblins
  12 hobgoblins
  7 jackals
  7 quokkas
  A ball python skeleton (D:5)
  2 frilled lizards
  A hobgoblin skeleton (Ossuary)
  A hobgoblin zombie (Ossuary)
  A jackal skeleton (D:4)
  14 kobolds
  An orc skeleton (Ossuary)
  3 orc zombies (Ossuary)
  6 rats
472 creatures vanquished.

Vanquished Creatures (collateral kills)
  The ghost of Syneil the Destroyer, a journeyman DECj of Vehumet (Lair:5)
  4 spiny frogs
  A komodo dragon (D:11)
  3 water moccasins (Lair:1)
  A porcupine (Lair:4)
  A jelly (D:9)
  2 hounds (D:11)
  An iguana (D:4)
  2 orc wizards (D:10)
  An ooze (D:9)
  A worm (Lair:1)
  3 orcs (D:10)
21 creatures vanquished.

Vanquished Creatures (others)
  A gnoll shaman (D:6)
  4 gnolls (D:6)
  7 fungi
  27 plants
39 creatures vanquished.

Grand Total: 532 creatures vanquished

Notes
Turn   | Place    | Note
-------+----------+-------------------------------------------
     0 | D:1      | anuswrecked the Mummy Wizard began the quest for the Orb.
     0 | D:1      | Reached XP level 1. HP: 13/13 MP: 5/5
    25 | D:1      | Reached skill level 1 in Conjurations
   205 | D:1      | Reached XP level 2. HP: 10/20 MP: 1/7
   271 | D:1      | Learned a level 2 spell: Blink
   274 | D:1      | Learned a level 2 spell: Call Imp
   277 | D:1      | Learned a level 2 spell: Repel Missiles
   899 | D:1      | Reached skill level 1 in Fighting
  1106 | D:2      | Reached XP level 3. HP: 26/26 MP: 0/8
  1111 | D:2      | Learned a level 3 spell: Mephitic Cloud
  2021 | D:3      | Noticed Jessica
  2027 | D:3      | Killed Jessica
  2027 | D:3      | Reached skill level 1 in Armour
  2027 | D:3      | Reached XP level 4. HP: 33/33 MP: 4/10
  2504 | D:3      | Noticed Ijyb
  2787 | D:3      | Noticed a phantom
  3452 | D:4      | Killed Ijyb
  3452 | D:4      | Reached XP level 5. HP: 31/38 MP: 1/11
  3642 | D:3      | Noticed Robin
  3943 | D:3      | Killed Robin
  4075 | D:3      | Found a runed door.
  4090 | D:3      | Noticed Crazy Yiuf
  4131 | D:3      | Killed Crazy Yiuf
  4131 | D:3      | Reached skill level 1 in Summonings
  4454 | D:4      | Killed a phantom
  4454 | D:4      | Reached skill level 1 in Polearms
  4454 | D:4      | Reached XP level 6. HP: 44/46 MP: 0/13
  4668 | D:4      | Reached skill level 1 in Translocations
  4678 | D:4      | Reached skill level 5 in Spellcasting
  5116 | D:4      | Reached XP level 7. HP: 44/51 MP: 7/14
  5161 | D:4      | Found a sparkling altar of Nemelex Xobeh.
  5333 | D:4      | Reached skill level 1 in Air Magic
  5806 | D:4      | Got a twisted ring mail
  5818 | D:4      | Identified the cursed +1 ring mail of the Cockroach {rC++ Int+2 Dex-3 Stlth+} (You found it on level 4 of the Dungeon)
  5883 | D:5      | Entered Level 5 of the Dungeon
  6137 | D:5      | Found a staircase to the Ecumenical Temple.
  6163 | Temple   | Entered the Ecumenical Temple
  6255 | Temple   | Became a worshipper of Warmaster Okawaru
  6654 | D:5      | Reached skill level 1 in Poison Magic
  6918 | D:5      | Reached skill level 1 in Shields
  7066 | D:5      | Reached XP level 8. HP: 52/58 MP: 16/16
  7330 | D:6      | Reached * piety under Okawaru
  7739 | D:6      | Found a stormy altar of Qazlal.
  7929 | D:6      | Paralysed by an orc for 6 turns
  8471 | D:7      | Found a sand-covered staircase.
  8504 | Ossuary  | Entered an ossuary
  8727 | Ossuary  | Noticed a flying skull
  8752 | Ossuary  | Reached ** piety under Okawaru
  8984 | Ossuary  | Noticed a flying skull
  8989 | Ossuary  | Noticed a flying skull
  9016 | Ossuary  | Reached XP level 9. HP: 40/65 MP: 18/18
  9513 | D:7      | Found a white marble altar of Elyvilon.
  9515 | D:7      | Noticed Menkaure
  9531 | D:7      | Killed Menkaure
 10186 | D:8      | Reached *** piety under Okawaru
 10666 | D:8      | Reached skill level 5 in Armour
 10716 | D:8      | Noticed a two-headed ogre
 10740 | D:8      | Killed a two-headed ogre
 11053 | D:9      | Reached skill level 5 in Fighting
 11142 | D:9      | Reached **** piety under Okawaru
 11225 | D:9      | Reached XP level 10. HP: 38/74 MP: 14/19
 11496 | D:9      | Found Toeqycillu's Jewellery Shop.
 11744 | D:9      | Found a hide-covered altar of Uskayaw.
 11904 | D:9      | Reached skill level 5 in Polearms
 12348 | D:10     | Entered Level 10 of the Dungeon
 12354 | D:10     | Found Fupn's Weapon Emporium.
 12384 | D:10     | Reached skill level 5 in Shields
 12433 | D:10     | Found a staircase to the Orcish Mines.
 12436 | D:10     | Found Sunesk's Armour Emporium.
 12524 | D:10     | Killed an unseen horror
 13755 | D:10     | Noticed a two-headed ogre
 13771 | D:10     | Killed a two-headed ogre
 13771 | D:10     | Reached ***** piety under Okawaru
 13771 | D:10     | Reached skill level 5 in Dodging
 13799 | D:9      | Bought the ring of the Mage {Wiz MR++ Int+3} for 672 gold pieces
 13890 | D:11     | Noticed a two-headed ogre
 13912 | D:11     | Noticed a deep elf mage
 13915 | D:11     | Killed a two-headed ogre
 13922 | D:11     | Killed a deep elf mage
 13922 | D:11     | Received a gift from Okawaru
 13922 | D:11     | Reached XP level 11. HP: 68/81 MP: 6/20
 13925 | D:11     | Got a bloodstained helmet {god gift}
 13953 | D:11     | Identified the +2 helmet of Mysticism {rElec rF+ MP-9} (Okawaru gifted it to you on level 11 of the Dungeon)
 14023 | D:11     | Noticed a five-headed hydra
 14045 | D:11     | Killed a five-headed hydra
 14199 | D:11     | Found a labyrinth entrance.
 14220 | Lab      | Entered a labyrinth
 14848 | Lab      | Noticed a minotaur
 15517 | Lab      | HP: 1/81 [minotaur/battleaxe of electrocution (22)]
 15560 | Lab      | Killed a minotaur
 15909 | D:11     | Noticed a two-headed ogre
 15926 | D:11     | Killed a two-headed ogre
 16038 | D:11     | Noticed a red ugly thing
 16056 | D:11     | Killed a red ugly thing
 16430 | D:11     | Found a staircase to the Lair.
 16435 | Lair:1   | Entered Level 1 of the Lair of Beasts
 16542 | Lair:1   | Found a frozen archway.
 17283 | Lair:1   | Noticed Prince Ribbit
 17301 | Lair:1   | Received a gift from Okawaru
 17323 | Lair:1   | Killed Prince Ribbit
 18224 | Lair:1   | Reached XP level 12. HP: 43/91 MP: 6/21
 19622 | Lair:2   | Got a fine rapier
 19623 | Lair:2   | Identified the +7 rapier "Vioqiac" {drain, rN+++ Int-4} (You found it on level 2 of the Lair of Beasts)
 20015 | Lair:2   | Noticed a death yak
 20017 | Lair:2   | Noticed a death yak
 20021 | Lair:2   | Noticed a death yak
 20083 | Lair:1   | Killed a death yak
 20202 | Lair:2   | Noticed a death yak
 20219 | Lair:1   | Killed a death yak
 20629 | Lair:2   | Killed a death yak
 20629 | Lair:2   | Reached ****** piety under Okawaru
 21078 | Lair:1   | Killed a death yak
 21378 | Lair:2   | Received a gift from Okawaru
 21464 | Lair:2   | Received a gift from Okawaru
 22252 | Lair:3   | Found a staircase to the Swamp.
 22310 | Lair:3   | Noticed Harold
 22343 | Lair:3   | Killed Harold
 22854 | Lair:4   | Noticed a death yak
 22855 | Lair:4   | Noticed a death yak
 22855 | Lair:4   | Noticed a death yak
 22856 | Lair:4   | Noticed a death yak
 22856 | Lair:4   | Noticed a death yak
 22856 | Lair:4   | Noticed a death yak
 22873 | Lair:4   | Killed a death yak
 22880 | Lair:4   | Killed a death yak
 22880 | Lair:4   | Gained mutation: You are in touch with the powers of death. [Mummy growth]
 22880 | Lair:4   | Reached XP level 13. HP: 83/98 MP: 6/22
 23874 | Lair:4   | Found a hole to the Spider Nest.
 24084 | Lair:5   | Noticed Syneil's ghost (journeyman DECj)
 25029 | Lair:5   | Killed Syneil's ghost
 25029 | Lair:5   | Received a gift from Okawaru
 25400 | Lair:5   | Got a coiled ivory amulet
 25401 | Lair:5   | Identified the amulet of Qoul {Spirit rPois Int+2 Dex-4} (You found it on level 5 of the Lair of Beasts)
 25831 | Lair:5   | Found a runed door.
 25831 | Lair:5   | Found a viscous altar of Jiyva.
 25972 | Lair:5   | Found a staircase to the Slime Pits.
 26096 | Lair:6   | Entered Level 6 of the Lair of Beasts
 26165 | Lair:6   | Received a gift from Okawaru
 26172 | Lair:6   | Got a spiked ring mail {god gift}
 26240 | Lair:6   | Identified the +3 ring mail of Voycuir {Int+4} (Okawaru gifted it to you on level 6 of the Lair of Beasts)
 26632 | Lair:6   | Got a heavily runed cloak
 26660 | Lair:6   | Identified the +4 cloak of Foolhardiness {rElec} (You found it on level 6 of the Lair of Beasts)
 27118 | Lair:6   | Noticed an entropy weaver
 27118 | Lair:6   | Noticed an entropy weaver
 27127 | Lair:6   | Killed from afar by a water moccasin

Vault maps used:
D:1:      matt_arrival_spirals, minmay_door_square
D:3:      kennysheep_big_flooded_room, first_bread, minmay_splitting_lines,
          nrook_loot_triangle, uniq_jessica, uniq_iyjb, uniq_robin,
          uniq_crazy_yiuf_cottage
D:4:      nemelex_xobeh_ov_fountains_minmay
D:5:      minmay_misc_feat_five, kennysheep_cross_room, st_stairs_4
D:6:      nicolae_qazlal_eye_of_the_storm, serial_glass, glass_columns_a,
          glass_columns_a, glass_columns_a, glass_columns_b, glass_columns_a,
          glass_columns_b, glass_columns_b, glass_columns_a,
          grunt_decor_one_mirror
D:7:      kennysheep_mini_moat, lightli_ossuary_entry_decrepit_ruins,
          uniq_menkaure
D:9:      lemuel_coloured_pillars_altar, serial_shops, shop,
          hangedman_little_slice_of_home
D:10:     orc_david_3
D:11:     lair_entry_dummy, lab_entry_generic, serial_bayou_pond_d,
          nicolae_sextant
Temple:   hc_temple_tempest_star
Lair:1:   portal_ice_cave_demonic_guard, serial_bayou_lagoon_a, worms_lemuel,
          serial_bayou_shore_b, serial_bayou_shore_a, uniq_prince_ribbit2
Lair:2:   wad_woods_02
Lair:3:   swamp_mist_pool, nicolae_quartered_pool_medium,
          infiniplex_staircase_pool_2, serial_bayou_shore_b, grunt_megastairs_2,
          uniq_harold
Lair:4:   spider_nest_entry_funnel_web
Lair:5:   slime_altar_2, beast_lair_carwin_5
Lair:6:   evilmike_catoblepas_cave, minivault_29, grunt_megastairs_3
Lab:      labyrinth_mini_lab, labyrinth_glass_1, labyrinth_skeletal_remains,
          nicolae_lab_flowing_pool, nicolae_lab_t_cross
Ossuary:  ossuary_due_cavern

Skill      XL: |  1  2  3  4  5  6  7  8  9 10 11 12 13 |
---------------+----------------------------------------+-----
Conjurations   | 1 2 |  2.0
Fighting       | 1 2 3 4 5 6 7 8 |  8.6
Dodging        | 2 3 4 5 6 7 |  7.8
Armour         | 1 2 3 4 5 6 7 8 9 |  9.9
Summonings     | 1 |  1.0
Polearms       | 1 2 3 4 6 7 8 9 |  9.8
Translocations | 1 |  1.0
Spellcasting   | 5 6 |  6.1
Air Magic      | 1 2 3 |  3.1
Poison Magic   | 1 2 |  2.2
Shields        | 1 3 4 6 7 8 9 |  9.9
Stealth        | |  1.5

Action                   |  1- 3 |  4- 6 |  7- 9 | 10-12 | 13-15 || total
-------------------------+-------+-------+-------+-------+-------++-------
Melee: Unarmed           |    81 |    10 |       |       |       ||    91
       Short sword       |       |    78 |       |       |       ||    78
       Trident           |       |    88 |   641 |  1127 |   715 ||  2571
 Cast: Magic Dart        |   131 |   175 |    20 |    15 |     4 ||   345
       Repel Missiles    |     1 |       |     3 |     3 |     1 ||     8
       Call Imp          |       |    15 |    12 |    63 |    37 ||   127
       Mephitic Cloud    |       |       |     1 |    76 |    31 ||   108
       Blink             |       |       |     1 |     9 |       ||    10
Invok: Heroism           |       |       |       |     3 |     4 ||     7
Evoke: Wand              |       |       |     4 |    38 |     6 ||    48
  Use: Scroll            |       |     3 |     9 |    25 |     4 ||    41
 Stab: Distracted        |       |     1 |     2 |     7 |     8 ||    18
       Sleeping          |       |       |     5 |     2 |     1 ||     8
       Confused          |       |       |     2 |    48 |    35 ||    85
Armor: Robe              |    39 |    10 |       |       |       ||    49
       Leather armour    |       |    20 |       |       |       ||    20
       Ring mail         |       |    62 |   275 |   323 |   185 ||   845
Dodge: Dodged            |    92 |   133 |   301 |   413 |   226 ||  1165
       Deflected         |     4 |     1 |     5 |     4 |       ||    14
Block: Buckler           |       |       |    99 |   113 |       ||   212
       Shield            |       |       |       |   224 |   263 ||   487
